[Event "Titled Tuesday Blitz November 08 Early 2022"]
[White "Izuzquiza Gonzalez, Javier"]
[Black "Korelskiy, Egor"]
[WhiteFideId "3101029"]
[BlackFideId "34329064"]
[WhiteElo "2034"]
[BlackElo "2043"]
[Result "0-1"]
[Round "08"]
[TimeControl "180+1"]
[Date "2022.11.09"]
[WhiteClock "0:00:20"]
[BlackClock "0:01:04"]

1. d4 d5 2. c4 e6 3. Nf3 c6 4. g3 dxc4 5. Bg2 b5 6. O-O Bb7 7. a4 Nd7 8. Qc2 Ngf6 9. Nbd2 Be7 10. b3 cxb3 11. Nxb3 a6 12. Rd1 O-O 13. Nc5 Bxc5 14. dxc5 Qe7 15. Rd6 Rfd8 16. Bg5 Nxc5 17. Rxd8+ Rxd8 18. axb5 cxb5 19. Bxf6 Qxf6 20. Rc1 Rc8 21. h4 h6 22. Rd1 Qe7 23. Qb2 Na4 24. Qd4 Nc3 25. Rd2 b4 26. Ne5 Bxg2 27. Kxg2 b3 28. Nc4 Nd5 29. Rc2 0-1


[Site "https://www.chess.com"]

[Event "Titled Tuesday Blitz November 08 Early 2022"]
[White "Janaszak, Dawid"]
[Black "Luberanski, Jakub"]
[WhiteFideId "1119206"]
[BlackFideId "21830509"]
[WhiteElo "2226"]
[BlackElo "2109"]
[Result "0-1"]
[Round "08"]
[TimeControl "180+1"]
[Date "2022.11.09"]
[WhiteClock "0:00:13"]
[BlackClock "0:00:12"]

1. e4 c6 2. d4 d5 3. exd5 cxd5 4. Bd3 Nc6 5. c3 Nf6 6. Bf4 Bg4 7. Qb3 Qd7 8. Nd2 e6 9. Ngf3 Bd6 10. Bxd6 Qxd6 11. O-O O-O 12. Rae1 Bh5 13. Ne5 Qc7 14. f4 Bg6 15. Bxg6 hxg6 16. Rf3 Ne7 17. Rh3 Nf5 18. Qd1 Nd6 19. Qf3 Qe7 20. g4 Nfe4 21. Nf1 Qe8 22. Nd3 f6 23. Ng3 g5 24. f5 Qf7 25. Nf2 Nxf2 26. Qxf2 exf5 27. Nxf5 Nxf5 28. Qxf5 g6 29. Qe6 Qxe6 30. Rxe6 Rae8 31. Rhe3 Kf7 32. Rxe8 Rxe8 33. Kf2 Rh8 34. h3 b5 35. Ke2 Rc8 36. Kd3 a6 37. b3 Rc7 38. Re2 Rc8 39. a3 Rh8 40. Re3 Rc8 41. Kd2 Rc7 42. Re1 Rc8 43. Kc2 Rh8 44. Re3 Rc8 45. Kb2 Rb8 46. Ka2 Rc8 47. a4 bxa4 48. b4 f5 49. Kb2 f4 50. Re5 a3+ 51. Kxa3 Rxc3+ 52. Ka4 Rxh3 53. Rxd5 f3 54. Rc5 f2 55. Rc1 Rf3 56. Rf1 Ke6 57. Ka5 Kd5 58. Kxa6 Kxd4 59. b5 Ke3 60. b6 Ke2 61. Rb1 f1=Q 62. Rb2+ Ke3+ 0-1


[Site "https://www.chess.com"]

[Event "Titled Tuesday Blitz November 08 Early 2022"]
[White "Jiganchine, Roman"]
[Black "Alhadad, Mahmoud"]
[WhiteFideId "2603667"]
[BlackFideId "11501863"]
[WhiteElo "2329"]
[BlackElo "1955"]
[Result "1-0"]
[Round "08"]
[TimeControl "180+1"]
[Date "2022.11.09"]
[WhiteClock "0:00:20"]
[BlackClock "0:00:03"]

1. e4 d5 2. exd5 Nf6 3. c4 e6 4. d4 exd5 5. Nc3 Bb4 6. Bd3 O-O 7. Ne2 dxc4 8. Bxc4 Nc6 9. O-O Bg4 10. f3 Bh5 11. Be3 Re8 12. Bf2 Ne7 13. Nf4 Bd6 14. Nxh5 Nxh5 15. Qb3 Rf8 16. Ne4 Nf4 17. Rfe1 Nf5 18. Rad1 Nh4 19. g3 Nh3+ 20. Kh1 Nxf2+ 21. Nxf2 Nf5 22. Kg2 Qf6 23. Ne4 Qg6 24. Nxd6 Nxd6 25. Bd5 Rfe8 26. a4 h5 27. h4 c6 28. Bc4 Nf5 29. f4 Nxh4+ 30. Kh3 Nf5 31. Re5 Qg4+ 32. Kh2 Nd6 33. Be2 Qg6 34. Bxh5 Qh6 35. Kg2 g6 36. Bg4 Rxe5 37. dxe5 Ne4 38. Rd7 Qg7 39. Rxf7 Qxf7 40. Be6 Nc5 41. Bxf7+ Kg7 42. Qc4 b6 43. Be6 Re8 44. Bg4 Re7 45. Bf3 Ne6 46. Qxc6 Nd4 47. Qd6 Nf5 48. Qf6+ Kh6 49. Qg5+ Kg7 50. Qf6+ Kh6 51. Be4 Ne3+ 52. Kf3 Ng4 53. Qxg6# 1-0


[Site "https://www.chess.com"]

[Event "Titled Tuesday Blitz November 08 Early 2022"]
[White "Jodorcovsky Werjivker, Paulo"]
[Black "Padmini, Rout"]
[WhiteFideId "3700305"]
[BlackFideId "5029295"]
[WhiteElo "2120"]
[BlackElo "2296"]
[Result "0-1"]
[Round "08"]
[TimeControl "180+1"]
[Date "2022.11.09"]
[WhiteClock "0:00:12"]
[BlackClock "0:00:38"]

1. e4 d6 2. d4 Nf6 3. Nc3 g6 4. Bg5 Bg7 5. Qd2 c6 6. O-O-O b5 7. f3 b4 8. Nb1 a5 9. Bh6 Bxh6 10. Qxh6 Nbd7 11. e5 Nd5 12. exd6 N7f6 13. dxe7 Qxe7 14. Bc4 a4 15. Nh3 a3 16. b3 Be6 17. Rhe1 O-O-O 18. Nf4 Kb7 19. Bxd5 Nxd5 20. Nd3 Qf6 21. Nc5+ Kb6 22. Qd2 Rhe8 23. Re5 Qf4 24. Qxf4 Nxf4 25. g3 Nd5 26. Rde1 Nc7 27. R5e4 Bd5 28. Rxe8 Rxe8 29. Nd7+ Kb5 30. Rxe8 Nxe8 31. c4+ bxc3 32. Nxc3+ Kb4 33. Nxd5+ cxd5 34. Kd2 Kb5 35. Nf6 Nc7 36. Ng4 Na6 37. Kc3 Nb4 38. Ne3 Nxa2+ 39. Kc2 Nb4+ 40. Kb1 f5 41. f4 Kc6 42. Ka1 Kd6 43. Kb1 Ke6 44. Ka1 Kf6 45. Kb1 Kg7 46. Nc2 a2+ 47. Kb2 Nxc2 48. Kxa2 Nxd4 0-1


[Site "https://www.chess.com"]

[Event "Titled Tuesday Blitz November 08 Early 2022"]
[White "Jones, Gawain C B"]
[Black "Xiong, Jeffery"]
[WhiteFideId "409561"]
[BlackFideId "2047640"]
[WhiteElo "2657"]
[BlackElo "2725"]
[Result "0-1"]
[Round "08"]
[TimeControl "180+1"]
[Date "2022.11.08"]
[WhiteClock "0:00:02"]
[BlackClock "0:00:55"]

1. Nf3 c5 2. e4 d6 3. Bb5+ Nc6 4. O-O Bd7 5. Re1 Nf6 6. c3 a6 7. Bc4 Bg4 8. d4 Bxf3 9. gxf3 e6 10. d5 Ne5 11. Bf1 g5 12. Bg2 Nh5 13. Kh1 Nf4 14. Rg1 Qf6 15. dxe6 fxe6 16. Bf1 O-O-O 17. Na3 d5 18. exd5 exd5 19. Rg3 h5 20. Bxf4 Qxf4 21. Qc1 Qxc1 22. Rxc1 g4 23. fxg4 hxg4 24. Be2 Rh4 25. Rcg1 Bd6 26. h3 Rf8 27. Bxg4+ Nxg4 28. Rxg4 Rxh3+ 29. Kg2 Rh2+ 30. Kf1 Rfxf2+ 31. Ke1 Rxb2 32. Rg8+ Kc7 33. R8g7+ Kc6 34. c4 0-1


[Site "https://www.chess.com"]

[Event "Titled Tuesday Blitz November 08 Early 2022"]
[White "Kaplan, Avi Harrison"]
[Black "Kuznetsova, Olga"]
[WhiteFideId "30934559"]
[BlackFideId "4191323"]
[WhiteElo "1983"]
[BlackElo "2134"]
[Result "0-1"]
[Round "08"]
[TimeControl "180+1"]
[Date "2022.11.09"]
[WhiteClock "0:00:01"]
[BlackClock "0:00:42"]

1. a3 a5 2. d4 d5 3. c4 c6 4. Nc3 dxc4 5. e4 b5 6. b3 cxb3 7. Qxb3 a4 8. Qd1 Nf6 9. Nf3 e6 10. Bd3 h6 11. O-O Na6 12. Bf4 Be7 13. Qd2 Nh5 14. Be3 Bb7 15. e5 g5 16. Ne4 Ng7 17. Ng3 Qd5 18. Be4 Qd7 19. Rfc1 Rd8 20. h3 Nc7 21. Rc2 Nd5 22. Ne2 Nh5 23. g3 O-O 24. h4 f5 25. exf6 Nhxf6 26. Bxd5 Nxd5 27. hxg5 Rxf3 28. gxh6 Nxe3 29. fxe3 Bd6 30. Qd3 Qh7 31. Qd2 Rdf8 32. Kg2 Qe4 33. Kg1 Rf2 34. Nf4 R8xf4 35. Qxf2 Rxf2 36. Rxf2 Qxe3 37. Rf1 Bxg3 38. h7+ Kxh7 39. Kg2 Bxf2 40. Rxf2 c5+ 41. d5 Bxd5+ 42. Kg1 Qg3+ 43. Kf1 Bc4+ 44. Ke1 Qe3+ 45. Kd1 Qxf2 46. Kc1 Bd3 47. Kd1 Qe2+ 48. Kc1 Qc2# 0-1


[Site "https://www.chess.com"]

[Event "Titled Tuesday Blitz November 08 Early 2022"]
[White "Khamdamova, Afruza"]
[Black "Gulevich, Artem"]
[WhiteFideId "14210444"]
[BlackFideId "24119580"]
[WhiteElo "2018"]
[BlackElo "2218"]
[Result "1/2-1/2"]
[Round "08"]
[TimeControl "180+1"]
[Date "2022.11.09"]
[WhiteClock "0:01:01"]
[BlackClock "0:01:34"]

1. e4 c5 2. Nf3 Nc6 3. d4 cxd4 4. Nxd4 Qb6 5. Nb3 Nf6 6. Nc3 e6 7. Be3 Qc7 8. Be2 Bb4 9. Qd3 d5 10. exd5 Nxd5 11. Bd2 Nxc3 12. Bxc3 Bxc3+ 13. Qxc3 Qe5 14. Qxe5 Nxe5 15. O-O-O Bd7 16. f4 Ng6 17. g3 O-O-O 18. Bf3 Ne7 19. Na5 b6 20. Nb7 Rdf8 21. Nd6+ Kc7 22. Rd3 Nc8 23. Rhd1 Nxd6 24. Rc3+ Kb8 25. Rxd6 Bc8 26. Rcd3 Kc7 27. Rc6+ Kb8 28. Rcd6 Kc7 29. Rc6+ Kb8 30. Rcd6 1/2-1/2


[Site "https://www.chess.com"]

[Event "Titled Tuesday Blitz November 08 Early 2022"]
[White "Kim, Sergey"]
[Black "Manukian, Artak"]
[WhiteFideId "13700570"]
[BlackFideId "13301373"]
[WhiteElo "2599"]
[BlackElo "2130"]
[Result "0-1"]
[Round "08"]
[TimeControl "180+1"]
[Date "2022.11.09"]
[WhiteClock "0:00:25"]
[BlackClock "0:00:19"]

1. d4 Nf6 2. c4 e6 3. Nc3 Bb4 4. Qc2 O-O 5. a3 Bxc3+ 6. Qxc3 Ne4 7. Qc2 d5 8. Nf3 b6 9. g3 Ba6 10. b3 c5 11. dxc5 bxc5 12. Bg2 Nc6 13. O-O f5 14. Rd1 Qf6 15. Bb2 d4 16. b4 Bb7 17. bxc5 e5 18. e3 dxe3 19. fxe3 Qh6 20. Qe2 Rae8 21. Rd5 Nf6 22. Rd6 Qh5 23. Re1 Ne4 24. Rd5 Nf6 25. Nxe5 Qxe2 26. Rxe2 Nxe5 27. Rxe5 Bxg2 28. Kxg2 Ne4 29. Rxe8 Rxe8 30. Bd4 Rc8 31. Rb2 Nxc5 32. Rb5 Ne6 33. Bxa7 Rxc4 34. Ra5 g5 35. h3 h5 36. Bb6 Rc2+ 37. Kf1 Rb2 38. Bd4 Nxd4 39. exd4 Rb3 40. Kf2 Rb2+ 41. Ke1 Rb3 42. Ke2 Rxg3 43. Ra7 Rxh3 44. d5 Kf8 45. d6 Ke8 46. a4 h4 47. a5 Ra3 48. a6 h3 49. Re7+ Kd8 50. a7 h2 51. Rh7 Rxa7 52. Rxh2 Ra2+ 0-1


[Site "https://www.chess.com"]

[Event "Titled Tuesday Blitz November 08 Early 2022"]
[White "Kirillov, Dmitry"]
[Black "Prohorov, Olexandr"]
[WhiteFideId "34180572"]
[BlackFideId "14105578"]
[WhiteElo "2095"]
[BlackElo "1993"]
[Result "1-0"]
[Round "08"]
[TimeControl "180+1"]
[Date "2022.11.09"]
[WhiteClock "0:00:05"]
[BlackClock "0:00:01"]

1. e4 c5 2. Nc3 Nc6 3. f4 g6 4. Nf3 Bg7 5. Bc4 Nd4 6. O-O d6 7. d3 e6 8. Nxd4 cxd4 9. Ne2 Ne7 10. Qe1 Qc7 11. Qh4 Bd7 12. f5 exf5 13. Bg5 Be6 14. Bb5+ Nc6 15. Bf6 Bxf6 16. Qxf6 O-O 17. Bxc6 bxc6 18. exf5 Bxf5 19. Nxd4 Bd7 20. Kh1 c5 21. Nf3 h6 22. Nd2 d5 23. Rae1 Rae8 24. Nb3 Re6 25. Rxe6 Bxe6 26. Qc3 Rc8 27. Qd2 Kh7 28. d4 c4 29. Nc5 Re8 30. c3 Re7 31. h3 Bf5 32. Qf2 Kg7 33. Kg1 Qd6 34. g4 Bd3 35. Re1 Rxe1+ 36. Qxe1 Qf4 37. Qe5+ Qxe5 38. dxe5 f6 39. exf6+ Kxf6 40. Kf2 Ke5 41. Nxd3+ cxd3 42. Ke3 h5 43. gxh5 gxh5 44. Kxd3 Kf4 45. Kd4 Kg3 46. Kxd5 Kxh3 47. c4 Kg2 48. c5 h4 49. c6 h3 50. c7 h2 51. c8=Q h1=Q 52. Qg4+ Kf2+ 53. Kd4 Qb7 54. Qf4+ Kg1 55. Qg3+ Kh1 56. Qh3+ Kg1 57. Qg3+ Kh1 58. Qe1+ Kh2 59. Qe2+ Kg3 60. Qe3+ Kh2 61. Qf4+ 1-0


[Site "https://www.chess.com"]

[Event "Titled Tuesday Blitz November 08 Early 2022"]
[White "Kopylov, Alexander A."]
[Black "Weetik, Vjacheslav"]
[WhiteFideId "4164857"]
[BlackFideId "4153472"]
[WhiteElo "2436"]
[BlackElo "2469"]
[Result "1/2-1/2"]
[Round "08"]
[TimeControl "180+1"]
[Date "2022.11.08"]
[WhiteClock "0:00:19"]
[BlackClock "0:00:10"]

1. d4 d5 2. Nf3 Nf6 3. g3 Bf5 4. Bg2 e6 5. O-O c6 6. a4 Be7 7. a5 h6 8. c4 O-O 9. Qb3 Qc8 10. Nc3 Na6 11. Ne5 Nd7 12. Bf4 Nxe5 13. Bxe5 Qd7 14. h3 Bg6 15. Rfc1 Rac8 16. Qa4 Rfd8 17. c5 f6 18. Bf4 e5 19. dxe5 Nxc5 20. Qd1 d4 21. Na4 Ne6 22. exf6 Bxf6 23. Nc5 Nxc5 24. Rxc5 d3 25. exd3 Qxd3 26. Qxd3 Bxd3 27. a6 Bxa6 28. Bxc6 Bxb2 29. Ra2 Bd4 30. Bd5+ Kh8 31. Rxc8 Rxc8 32. Ra4 Bf6 33. Be3 Rd8 34. Bf3 Rd3 35. Kg2 Rb3 36. Bxa7 g5 37. Be3 Kg7 38. Re4 Rb5 39. Re8 Re5 40. Rc8 Re7 41. Bc5 Rd7 42. Bb6 Bb5 43. Rb8 Bc6 44. Bxc6 bxc6 45. Rc8 Rd6 46. Bc5 Re6 47. g4 Kg6 48. Kf3 h5 49. Be3 hxg4+ 50. hxg4 Be7 51. Rg8+ Kf7 52. Rc8 Kg6 53. Ke2 Bc5 54. Kd3 Bxe3 55. fxe3 Kf6 56. Kd4 Rd6+ 57. Kc5 Rd3 58. Rxc6+ Ke5 59. Rg6 Rxe3 60. Rxg5+ Kf4 61. Rg8 Rg3 62. g5 Rxg5+ 63. Rxg5 Kxg5 1/2-1/2


[Site "https://www.chess.com"]

[Event "Titled Tuesday Blitz November 08 Early 2022"]
[White "Koziorowicz, Michal"]
[Black "Lewtak, Damian"]
[WhiteFideId "21809194"]
[BlackFideId "1141724"]
[WhiteElo "2174"]
[BlackElo "2329"]
[Result "0-1"]
[Round "08"]
[TimeControl "180+1"]
[Date "2022.11.09"]
[WhiteClock "0:00:05"]
[BlackClock "0:00:06"]

1. Nf3 g6 2. d4 Bg7 3. e4 a6 4. h4 h5 5. Bg5 d6 6. c3 Nd7 7. Bc4 b5 8. Bb3 Bb7 9. Nbd2 c5 10. Qe2 Qc7 11. O-O c4 12. Bc2 e5 13. a4 f6 14. Be3 Ne7 15. axb5 axb5 16. Rxa8+ Bxa8 17. b3 cxb3 18. Bxb3 d5 19. Qxb5 dxe4 20. dxe5 exf3 21. e6 O-O 22. exd7+ Kh7 23. g3 Bc6 24. Qd3 Rd8 25. Bd4 Rxd7 26. Re1 Rd8 27. Qc4 Qb7 28. Rxe7 Qxe7 29. Qxc6 Qe2 30. Nf1 Rb8 31. Qc4 Ra8 32. Be3 f5 33. Kh2 Qxc4 34. Bxc4 Bxc3 35. Bd5 Ra1 36. Nd2 Bxd2 37. Bxd2 Rd1 38. Bxf3 Rxd2 39. Kg2 Rd6 40. Be2 Kg7 41. Bf3 Kf6 42. Be2 Rd8 43. Bf3 Rb8 44. Be2 Rb6 45. Bf3 Rb4 46. Be2 Rb2 47. Bf3 Ke5 48. Bc6 Rb6 49. Be8 f4 50. Bf7 Kf5 51. Be8 Rb3 52. Bd7+ Ke5 53. Be8 f3+ 54. Kh2 Rb6 55. Bf7 Ke4 56. Be8 Kd3 57. g4 Ke2 58. Kg3 hxg4 59. Bd7 Rb4 60. Be8 Rb1 61. Bxg6 Rg1+ 62. Kh2 Kxf2 63. h5 g3+ 64. Kh3 Rh1+ 65. Kg4 g2 0-1


[Site "https://www.chess.com"]

[Event "Titled Tuesday Blitz November 08 Early 2022"]
[White "Krysa, Leandro"]
[Black "Jean Louis, Marckens"]
[WhiteFideId "116807"]
[BlackFideId "11900270"]
[WhiteElo "2485"]
[BlackElo "2030"]
[Result "1-0"]
[Round "08"]
[TimeControl "180+1"]
[Date "2022.11.09"]
[WhiteClock "0:01:25"]
[BlackClock "0:01:28"]

1. e4 c6 2. d4 d5 3. e5 e6 4. Bd3 c5 5. c3 Nc6 6. Nf3 cxd4 7. cxd4 Nb4 8. Be2 a6 9. Nc3 Ne7 10. a3 Nbc6 11. Bd3 Bd7 12. O-O Ng6 13. g3 Qb6 14. Be3 Rd8 15. h4 Nge7 16. h5 Nf5 17. Bxf5 exf5 18. Nxd5 Qa5 19. Nc3 Ne7 20. b4 Qc7 21. Rc1 Qb8 22. d5 Bb5 23. Nxb5 axb5 24. d6 Nc6 25. Qd5 Qc8 26. Qxb5 Qd7 27. Bb6 Ra8 28. Bc7 Rxa3 29. Qxb7 Nd8 30. Qb8 g6 31. Bxd8 Qa7 32. d7+ Kxd7 33. Qc8+ Ke8 34. Bf6# 1-0


[Site "https://www.chess.com"]

[Event "Titled Tuesday Blitz November 08 Early 2022"]
[White "Kukula, Pawel"]
[Black "Fernandez Siles, Luis"]
[WhiteFideId "1115081"]
[BlackFideId "2209420"]
[WhiteElo "2046"]
[BlackElo "2186"]
[Result "1-0"]
[Round "08"]
[TimeControl "180+1"]
[Date "2022.11.09"]
[WhiteClock "0:00:09"]
[BlackClock "0:00:01"]

1. c4 Nf6 2. Nc3 g6 3. g3 Bg7 4. Bg2 O-O 5. Nf3 d6 6. d4 c6 7. O-O Qa5 8. h3 e5 9. Bd2 exd4 10. Nxd4 Qc5 11. Be3 Qxc4 12. Rc1 Qa6 13. Bf4 d5 14. Re1 Nbd7 15. g4 Re8 16. e3 Ne5 17. b4 Qd3 18. b5 Ne4 19. Nxe4 dxe4 20. bxc6 bxc6 21. Nxc6 Qxd1 22. Rexd1 Nd3 23. Rc4 f5 24. gxf5 gxf5 25. Nd4 Nb2 26. Rdc1 Nxc4 27. Rxc4 Be6 28. Ra4 Bd7 29. Ra5 Rec8 30. Nxf5 Bc3 31. Nh6+ Kg7 32. Rg5+ 1-0


[Site "https://www.chess.com"]

[Event "Titled Tuesday Blitz November 08 Early 2022"]
[White "Ladan, Nicholas"]
[Black "Mirzoev, Azer"]
[WhiteFideId "30918855"]
[BlackFideId "13400304"]
[WhiteElo "2167"]
[BlackElo "2525"]
[Result "0-1"]
[Round "08"]
[TimeControl "180+1"]
[Date "2022.11.09"]
[WhiteClock "0:01:12"]
[BlackClock "0:02:04"]

1. d4 d5 2. c4 c6 3. Nf3 Nf6 4. g3 dxc4 5. a3 b5 6. Bg2 Bb7 7. O-O e6 8. b3 cxb3 9. Qxb3 Nbd7 10. Bb2 a6 11. Rc1 c5 12. Ne5 Bxg2 13. Kxg2 Nxe5 14. dxe5 Qd5+ 15. Qf3 Qxf3+ 16. Kxf3 Nd7 17. a4 Rb8 18. Na3 c4 19. axb5 axb5 20. Nc2 Bc5 21. Rd1 Ke7 22. Bd4 Bxd4 23. Nxd4 Nxe5+ 24. Ke4 Kf6 25. f4 Ng4 26. h3 Nf2+ 27. Kf3 Nxd1 0-1


[Site "https://www.chess.com"]

[Event "Titled Tuesday Blitz November 08 Early 2022"]
[White "Lakshmi C"]
[Black "Kodinets, Konstantin L."]
[WhiteFideId "25035347"]
[BlackFideId "4122011"]
[WhiteElo "1865"]
[BlackElo "2447"]
[Result "0-1"]
[Round "08"]
[TimeControl "180+1"]
[Date "2022.11.09"]
[WhiteClock "0:00:02"]
[BlackClock "0:01:01"]

1. e4 e5 2. Nf3 d6 3. d4 exd4 4. Qxd4 Nf6 5. Nc3 Be7 6. Bg5 h6 7. Bd2 Nc6 8. Bb5 O-O 9. Bxc6 bxc6 10. O-O-O Nd7 11. Bf4 a5 12. e5 d5 13. g4 Nb6 14. h4 Bxg4 15. Qd3 Qd7 16. Rdg1 h5 17. Ng5 Bxg5 18. hxg5 g6 19. f3 Bf5 20. Qe2 Rfb8 21. Rh4 Nc4 22. Nd1 Qe7 23. c3 Re8 24. Rgh1 Nxe5 25. Qg2 Nd3+ 26. Kd2 Rab8 27. b3 a4 28. Qh2 axb3 29. axb3 Rxb3 30. Rxh5 gxh5 31. Qxh5 Qe2# 0-1


[Site "https://www.chess.com"]

[Event "Titled Tuesday Blitz November 08 Early 2022"]
[White "Le, Tuan Minh"]
[Black "Kamsky, Gata"]
[WhiteFideId "12401153"]
[BlackFideId "2000024"]
[WhiteElo "2530"]
[BlackElo "2666"]
[Result "1-0"]
[Round "08"]
[TimeControl "180+1"]
[Date "2022.11.08"]
[WhiteClock "0:00:05"]
[BlackClock "0:00:01"]

1. d4 Nf6 2. Nf3 g6 3. Bg5 Bg7 4. Nbd2 d6 5. c3 h6 6. Bh4 Bf5 7. Qb3 Nbd7 8. h3 g5 9. Bg3 c5 10. e3 Qb6 11. Be2 O-O 12. O-O Qc6 13. Bb5 Qc7 14. Rfe1 a6 15. Bf1 Ne4 16. Nxe4 Bxe4 17. Nd2 Bg6 18. a4 b6 19. Be2 Kh8 20. h4 f5 21. hxg5 hxg5 22. Nf3 Bf6 23. Bd3 e5 24. dxe5 Nxe5 25. Nxe5 dxe5 26. Qc2 Qd7 27. Rad1 Qe6 28. f3 Kg7 29. Qe2 Qb3 30. Bc4 Qxa4 31. Rd6 b5 32. Rd7+ Bf7 33. Be6 b4 34. Bxf5 Rad8 35. Red1 Rxd7 36. Rxd7 bxc3 37. bxc3 Qa1+ 38. Be1 Qa4 39. e4 Rd8 40. Rxd8 Bxd8 41. Qe3 Be7 42. Kh2 Qd1 43. Bg3 Qd6 44. Qe2 a5 45. Qb5 Qc7 46. Qa6 Bd6 47. Bf2 Be8 48. Be3 a4 49. Bxg5 Qc6 50. Qa7+ Qc7 51. Qa8 Kf7 52. Bg4 1-0


[Site "https://www.chess.com"]

[Event "Titled Tuesday Blitz November 08 Early 2022"]
[White "Lehtosaari, Mauri"]
[Black "Broca Jimenez, Fernando"]
[WhiteFideId "501999"]
[BlackFideId "5104742"]
[WhiteElo "2503"]
[BlackElo "2062"]
[Result "1-0"]
[Round "08"]
[TimeControl "180+1"]
[Date "2022.11.09"]
[WhiteClock "0:00:57"]
[BlackClock "0:00:10"]

1. d4 Nf6 2. Nf3 d6 3. Bg5 Ne4 4. Bf4 c5 5. Nbd2 Nxd2 6. Qxd2 cxd4 7. e3 dxe3 8. Bxe3 Nc6 9. Bc4 Qa5 10. c3 e6 11. b4 Qc7 12. O-O Be7 13. Rad1 O-O 14. Rfe1 a6 15. Bb3 b6 16. Bc2 Bb7 17. Qd3 g6 18. Bh6 Rfe8 19. Ng5 Bf6 20. Qh3 Qe7 21. Nxh7 Kxh7 22. Bf8+ Kg8 23. Bxe7 Bxe7 24. Bb3 Bf6 25. Rxd6 Rad8 26. Red1 Rxd6 27. Rxd6 Be5 28. Rd7 Bc8 29. Rd1 Bb7 30. Qe3 Bg7 31. Qxb6 Ba8 32. Qxa6 Ne5 33. Qa5 Ng4 34. Rd8 Kf8 35. Rxe8+ Kxe8 36. Qxa8+ 1-0


[Site "https://www.chess.com"]

[Event "Titled Tuesday Blitz November 08 Early 2022"]
[White "Levitan, Caleb Levi"]
[Black "Pinheiro, Iung Alicio de O."]
[WhiteFideId "14332620"]
[BlackFideId "2104350"]
[WhiteElo "1963"]
[BlackElo "2283"]
[Result "0-1"]
[Round "08"]
[TimeControl "180+1"]
[Date "2022.11.09"]
[WhiteClock "0:00:05"]
[BlackClock "0:00:10"]

1. e4 c5 2. Nf3 Nc6 3. Nc3 e5 4. Bc4 d6 5. d3 Be7 6. O-O h6 7. h3 Nf6 8. Nh2 Be6 9. Bxe6 fxe6 10. f4 exf4 11. Bxf4 O-O 12. Qd2 Nh7 13. Be3 Bg5 14. Nf3 Bxe3+ 15. Qxe3 Qb6 16. b3 Nd4 17. Rf2 Qa5 18. Na4 b5 19. Nb2 Qc3 20. Rb1 Nxf3+ 21. Rxf3 Qxc2 22. Qc1 Qxc1+ 23. Rxc1 Rxf3 24. gxf3 Rf8 25. Kg2 Ng5 26. Rf1 e5 27. Nd1 Ne6 28. Nc3 Nf4+ 29. Kg3 a6 30. Rd1 Rf6 31. Rd2 Rg6+ 32. Kh2 Rg5 33. Nd1 Ne6 34. Ne3 Nd4 35. Rf2 Rg6 36. Nd5 Kh7 37. Nc7 Rf6 38. Kg3 a5 39. Nd5 Rf7 40. Nb6 Rb7 41. Nc8 Rd7 42. Nb6 Rd8 43. Rd2 Ne6 44. Nd5 Rf8 45. Rf2 a4 46. bxa4 b4 47. Nb6 Rb8 48. Nc4 Rd8 49. a5 Nf4 50. Rd2 Kg6 51. a6 Kf6 52. a7 Ra8 53. Nxd6 Rxa7 54. Nf5 h5 55. Ne3 g6 56. Nc4 Rd7 57. Nb6 Rxd3 58. Nd5+ Kg5 59. h4+ Kh6 60. Rc2 Nxd5 61. exd5 Rxd5 62. Rc4 Kg7 63. Re4 Kf6 64. f4 Ke6 65. Rc4 Kf5 66. fxe5 Kxe5 67. Kf3 Kd6 68. Kf4 Rd4+ 69. Rxd4+ cxd4 70. Ke4 Kc5 71. Kd3 Kd5 72. Kc2 Ke4 73. Kb3 d3 74. Kxb4 d2 75. a4 d1=Q 76. a5 Qd6+ 77. Kb5 Qb8+ 78. Kc6 Qa7 79. Kb5 Kd5 80. a6 Qb8+ 81. Ka4 Kc5 82. Ka3 Kc4 83. Ka2 Kc3 84. a7 Qb2# 0-1


[Site "https://www.chess.com"]

[Event "Titled Tuesday Blitz November 08 Early 2022"]
[White "Luxama, Jacques Muller"]
[Black "Skibbe, Willi"]
[WhiteFideId "11900113"]
[BlackFideId "4682190"]
[WhiteElo "1931"]
[BlackElo "2362"]
[Result "0-1"]
[Round "08"]
[TimeControl "180+1"]
[Date "2022.11.09"]
[WhiteClock "0:00:04"]
[BlackClock "0:00:16"]

1. e4 e5 2. Nf3 Nc6 3. Bb5 a6 4. Ba4 Nf6 5. Bxc6 dxc6 6. d3 Bd6 7. Bg5 c5 8. Nbd2 h6 9. Bh4 g5 10. Bg3 Qe7 11. Nc4 Nd7 12. a4 h5 13. h4 g4 14. Nfd2 f6 15. Ne3 Nf8 16. Nd5 Qf7 17. Nc4 Be6 18. Nxd6+ cxd6 19. Nb6 Rd8 20. c4 Qc7 21. a5 Ng6 22. f3 Kf7 23. fxg4 Bxg4 24. Qd2 Be6 25. Rf1 Kg7 26. O-O-O Rdf8 27. Rf2 Ne7 28. Rdf1 Qd8 29. Rf3 Qe8 30. Bf2 Bg4 31. Be3 Bxf3 32. gxf3 Kf7 33. f4 Ke6 34. f5+ Kf7 35. Qe2 Rfg8 36. b3 Rg4 37. Kc2 Rhg8 38. Kc3 Qd8 39. Rf2 Nc6 40. Nd5 Qxa5+ 41. Kb2 Nb4 42. Nxb4 Qxb4 43. Bd2 Qb6 0-1


[Site "https://www.chess.com"]

[Event "Titled Tuesday Blitz November 08 Early 2022"]
[White "Maghsoodloo, Parham"]
[Black "Fernandez Guillen, Ernesto J."]
[WhiteFideId "12539929"]
[BlackFideId "3512428"]
[WhiteElo "2676"]
[BlackElo "2450"]
[Result "1-0"]
[Round "08"]
[TimeControl "180+1"]
[Date "2022.11.08"]
[WhiteClock "0:00:11"]
[BlackClock "0:00:01"]

1. e4 e5 2. Nf3 Nc6 3. Bb5 f5 4. d3 fxe4 5. dxe4 Nf6 6. O-O Bc5 7. Bg5 d6 8. Nc3 O-O 9. Nd5 Kh8 10. c3 Be6 11. b4 Bb6 12. Bc4 Bxd5 13. Bxd5 Qe8 14. a4 a5 15. b5 Ne7 16. Bxb7 Rb8 17. Bxf6 Rxf6 18. Bd5 Qg6 19. c4 Rbf8 20. Ra3 Bc5 21. Rb3 Qg4 22. h3 Qh5 23. Kh2 Qh6 24. g3 Qh5 25. Kg2 Rh6 26. h4 Rhf6 27. Bc6 Ng6 28. Bd7 Ne7 29. Qe2 Qg6 30. Kh3 h6 31. Bg4 Qf7 32. h5 g6 33. Nh4 Rxf2 34. Rxf2 Qxf2 35. Qxf2 Rxf2 36. hxg6 Kg7 37. Nf5+ Nxf5 38. Bxf5 h5 39. g4 hxg4+ 40. Kxg4 Rg2+ 41. Kf3 Rh2 42. Kg3 Rh1 43. Kg2 Rh4 44. Rg3 Rh6 45. Kf3 Rh2 46. Kg4 Bf2 47. Rb3 Rh4+ 48. Kf3 Bb6 49. Rb1 Rh6 50. Kg3 Rh5 51. Kg4 Rh6 52. Re1 Rh2 53. Rf1 Rh6 54. Rd1 Bc5 55. Rd3 Bb6 56. Rg3 Bc5 57. Kf3 Bb6 58. Rg2 Bc5 59. Ke2 Bb6 60. Kd2 Bc5 61. Kd3 Rh4 62. Be6 Rh6 63. Bf5 Rh4 64. Bd7 Rh6 65. Be8 Rh3+ 66. Kc2 Re3 67. Rh2 Rxe4 68. Rh7+ Kg8 69. Rxc7 Rxc4+ 70. Kd1 Rxa4 71. Bc6 Rd4+ 72. Ke2 a4 73. Re7 a3 74. Bd7 Re4+ 75. Kd3 Rd4+ 76. Kc3 Rf4 77. Be6+ Kf8 78. Rh7 Rf3+ 79. Kc4 Rg3 80. Rf7+ Ke8 81. g7 a2 82. Rf1 Bd4 83. b6 a1=Q 84. Rxa1 Bxa1 85. b7 Rc3+ 86. Kb4 Ke7 87. g8=Q 1-0


[Site "https://www.chess.com"]

[Event "Titled Tuesday Blitz November 08 Early 2022"]
[White "Makhmudov, Shukhrat"]
[Black "Gronnestad, Anita"]
[WhiteFideId "14200775"]
[BlackFideId "1502972"]
[WhiteElo "2135"]
[BlackElo "1939"]
[Result "0-1"]
[Round "08"]
[TimeControl "180+1"]
[Date "2022.11.09"]
[WhiteClock "0:01:37"]
[BlackClock "0:01:33"]

1. e4 c6 2. d3 d5 3. Nd2 Nf6 4. Ngf3 Bg4 5. e5 Nfd7 6. d4 e6 7. c3 c5 8. Bd3 Nc6 9. h3 Bh5 10. Be2 Be7 11. a3 O-O 12. b4 cxd4 13. cxd4 a5 14. b5 Na7 15. a4 Bb4 16. O-O Nc8 17. Ba3 Ncb6 18. Bxb4 axb4 19. Qb3 Qe7 20. Rfb1 Rfc8 21. a5 Nc4 22. Bxc4 dxc4 23. Nxc4 Bxf3 24. gxf3 Qg5+ 25. Kf1 Qf5 26. Nd6 Qxh3+ 27. Ke2 Rc3 28. Qxb4 Qxf3+ 29. Kf1 Qd3+ 30. Kg1 Qg6+ 31. Kf1 Rh3 32. Qd2 Rh1+ 33. Ke2 Rxb1 0-1


[Site "https://www.chess.com"]